 Dungeon Crawl Stone Soup version 0.29-a0-284-gf9362112df (webtiles) character file.

Game seed: 7757901593000507662

116 cheechan the Conjurer (level 5, -6/31 HPs)
             Began as an Octopode Conjurer on Mar 30, 2022.
             Killed by nerve-wracking pain
             ... invoked by Grinder
              (13 damage)
             ... on level 3 of the Dungeon.
             The game lasted 00:07:00 (2453 turns).

cheechan the Conjurer (Octopode Conjurer)           Turns: 2453, Time: 00:07:03

Health: -6/31      AC:  5    Str:  7    XL:     5   Next: 0%
Magic:  0/9        EV: 13    Int: 20    God:
Gold:   180        SH:  0    Dex: 12    Spells: 6/9 levels left

rFire   + . .      SeeInvis .   c - staff of conjuration
rCold   . . .      Faith    .   (no shield)
rNeg    . . .      Spirit   +   (helmet restricted)
rPois   .          Reflect  .   k - amulet of guardian spirit
rElec   .          Harm     .   f - ring of protection from fire
rCorr   .          Rampage  .   i - +4 ring of protection
Will    .....                   (no ring)
Stlth   +++.......              (no ring)
HPRegen 0.10/turn               (no ring)
MPRegen 0.11/turn               (no ring)
                                (no ring)
                                (no ring)

@: no status effects
A: almost no armour, amphibious, 8 rings, camouflage 1, gelatinous body 1,
(nimble swimmer 1), tentacles
a: no special abilities


You were on level 3 of the Dungeon.
You visited 1 branch of the dungeon, and saw 3 of its levels.

You collected 180 gold pieces.

Inventory:

Hand Weapons
 o - the +2 spear "Nykkoab" {elec, Will- Str+6 SInv}
   (You found it on level 2 of the Dungeon)

   It occasionally discharges a powerful burst of electricity upon striking a
   foe.
   Str:       It affects your strength (+6).
   SInv:      It lets you see invisible.
   Will:      It decreases your willpower.
Missiles
 b - 11 poisoned darts (quivered)
 e - 97 stones
Magical Staves
 c - a staff of conjuration (weapon)
Jewellery
 f - a ring of protection from fire (left tentacle)
 i - a +4 ring of protection (right tentacle)
 k - an amulet of guardian spirit (around mantle)
Wands
 p - a wand of iceblast (10)
Scrolls
 d - a scroll of magic mapping {unknown}
 g - a scroll of teleportation {unknown}
 h - 2 scrolls of enchant armour {unknown}
 n - 2 scrolls of identify {unknown}
Potions
 a - a potion of magic
 j - a potion of haste {unknown}
 l - a potion of mutation {unknown}
 m - 2 potions of resistance {unknown}


   Skills:
 + Level 0.1 Fighting
 + Level 1.2 Staves
 + Level 2.3 Dodging
 + Level 3.4 Stealth
 + Level 2.8 Spellcasting
 + Level 5.0 Conjurations


You had 6 spell levels left.
You knew the following spells:

 Your Spells              Type           Power      Damage    Failure   Level
a - Searing Ray           Conj           68%        2d6       2%          2
b - Magic Dart            Conj           100%       1d8       1%          1

Your spell library contained the following spells:

 Spells                   Type           Power      Damage    Failure   Level
 Dazzling Flash           Conj/Hex       38%        N/A       16%         3
 Gell's Gravitas          Tloc           2%         N/A       41%         3
 Teleport Other           Tloc           2%         N/A       41%         3
 Fulminant Prism          Conj/Hex       9%         3d7       45%         4
 Iskenderun's Mystic Bla  Conj/Tloc      19%        2d6       45%         4
 Dispersal                Tloc           1%         N/A       100%        6


Dungeon Overview and Level Annotations

Branches:
Dungeon (3/15)

Altars:

Shops:
D:2 !*!(

Annotations:
D:1 1 transporter
D:3 Grinder


Innate Abilities, Weirdness & Mutations

You cannot wear most types of armour.
You are amphibious.
You can wear up to eight rings at the same time.
Your skin changes colour to match your surroundings (Stealth+).
Your rubbery body absorbs attacks. (AC +1, EV +1)
((You are camouflaged when in or above water. (Stealth+)))
You have tentacles for arms and can constrict up to eight enemies at once.


Message History

Pain shoots through your body!
Casting: Searing Ray (safe; 2% risk of failure)
Confirm with . or Enter, or press ? or * to list all spells.
Aiming: Searing Ray (safe; 2% risk of failure)
Press: ? - help, Shift-Dir - straight line, f - Grinder
Aim: Grinder (78% to hit)
You feel a surge of power!
The searing ray hits Grinder!
Grinder is lightly wounded. (Press . to maintain the ray.) Unknown command.
The searing ray hits Grinder!
Grinder is heavily wounded.
Grinder gestures at you. You resist with significant effort.
The searing ray hits Grinder!
Grinder is severely wounded.
Grinder gestures at you. You resist with significant effort.
The searing ray hits Grinder!
Grinder is almost dead.
You finish channelling your searing ray.
Grinder gestures at you. Pain shoots through your body!
Casting: Searing Ray (safe; 2% risk of failure)
Confirm with . or Enter, or press ? or * to list all spells.
Aiming: Magic Dart (safe; 1% risk of failure)
Press: ? - help, Shift-Dir - straight line, f/p - Grinder
Aim: Grinder (almost dead, 100% to hit)
You feel a surge of power!
The magic dart hits Grinder.
Grinder is almost dead.
Grinder gestures at you. Pain shoots through your body!
* * * LOW HITPOINT WARNING * * *
You hit Grinder but do no damage. You grab Grinder. You squeeze Grinder.
Grinder is almost dead.
You constrict Grinder.
Grinder says, "FISH!"
Grinder gestures at you. Pain shoots through your body!
You die...

....##........#
.#######.###### .# #.#
## ##'## ##...##
##.....## ## # ##
##.......## #.#.#
.###.........####..[.###
...'.....^...'..@5......
.###.........####....###
.# ##.......## #.#.# .#
##.....## ## # .#
##...## ## ####+#####
#####.#......#
.........# #####.#..##


You could see Grinder.

Vanquished Creatures
  A jelly (D:3)
  Jessica (D:3)
  2 adders
  A worm (D:2)
  2 endoplasms
  3 hobgoblins
  4 jackals (D:1)
  3 quokkas
  7 ball pythons
  6 bats
  13 frilled lizards
  2 rats
45 creatures vanquished.

Vanquished Creatures (others)
  7 plants (D:2)
7 creatures vanquished.

Grand Total: 52 creatures vanquished

Notes
Turn   | Place    | Note
-------+----------+-------------------------------------------
     0 | D:1      | cheechan the Octopode Conjurer began the quest for the Orb.
     0 | D:1      | Reached XP level 1. HP: 11/11 MP: 3/3
   458 | D:1      | Reached XP level 2. HP: 17/17 MP: 5/5
   706 | D:1      | Found a faded altar of an unknown god.
  1137 | D:1      | Learned a level 2 spell: Searing Ray
  1254 | D:2      | Reached XP level 3. HP: 21/21 MP: 3/6
  1368 | D:2      | Found Ublof's Distillery.
  1509 | D:2      | Found Hops's Weapon Shoppe.
  1613 | D:2      | Found Deobaiceo's Distillery.
  1662 | D:2      | Identified the +2 spear "Nykkoab" {elec, Will- Str+6 SInv}
  1791 | D:2      | Found Lycor's Assorted Antiques.
  1945 | D:3      | Reached XP level 4. HP: 27/27 MP: 3/7
  1992 | D:3      | Noticed Jessica
  1997 | D:3      | Killed Jessica
  1998 | D:3      | Reached skill level 1 in Staves
  2097 | D:3      | Reached skill level 5 in Conjurations
  2303 | D:3      | Reached XP level 5. HP: 31/31 MP: 6/9
  2444 | D:3      | Noticed Grinder
  2453 | D:3      | Killed from afar by Grinder

Illustrated notes

Levels and vault maps discovered:
D:1:      spicycebolla_arrival_teleporter_tutorial, layout_loops_ring,
          ebering_ecumenical_altar_rust
D:2:      layout_rooms, serial_shops, nicolae_diamond_shop, nicolae_square_shop,
          shop, shop, chequers_serial_rivers_micro_e, serial_bayou_pond_e,
          chequers_jeans, minmay_misc_feat_pillars,
          minmay_misc_feat_secret_circle, minmay_lizard_king
D:3:      layout_loops_corners, kiku_gazebo_garden_becter, serial_shops,
          nicolae_lakefront_shop, serial_park_tiny_2, uniq_grinder,
          uniq_terence, uniq_jessica

Skill      XL: |  1  2  3  4 |
---------------+-------------+-----
Stealth        | 3 |  3.4
Staves         | 1 |  1.2
Conjurations   | 5 |  5.0
Fighting       | |  0.1
Dodging        | |  2.3
Spellcasting   | |  2.8

Action                   |  1- 3 |  4- 6 || total
-------------------------+-------+-------++-------
Melee: Staff             |    21 |     3 ||    24
       Constrict         |     8 |     1 ||     9
       Tentacles         |     5 |     1 ||     6
       Punch             |     1 |       ||     1
 Cast: Magic Dart        |    30 |     4 ||    34
       Searing Ray       |     7 |     5 ||    12
Armor: Skin              |     6 |     1 ||     7
Dodge: Dodged            |    23 |     3 ||    26

Table legend: (Time is in decaauts)
 A = Elapsed time spent in this place.
 B = Non-inter-level travel time spent in this place.
 C = Inter-level travel time spent in this place.
 D = Time resting spent in this place.
 E = Time spent auto-exploring this place.
 F = Levels seen in this place.
 G = Mean time per level.
                   A        B        C        D        E       F      G
               +--------+--------+--------+--------+--------+-----+--------+
         Total |   2455 |   2455 |      0 |    603 |      0 |   3 |  818.3 |
       Dungeon |   2455 |   2455 |      0 |    603 |      0 |   3 |  818.3 |
               +--------+--------+--------+--------+--------+-----+--------+

Top non-repeatable levels by time:
     D:1: 1252 daAuts
     D:2: 691 daAuts
     D:3: 511 daAuts
